 Dungeon Crawl Stone Soup version 0.30-a0-1094-g860fb061e7 (webtiles) character file.

Game seed: 7075849800286911000

118 Elsrick the Trooper (level 5, -5/33 HPs)
             Began as a Tengu Fighter on Apr 18, 2023.
             Slain by Sigmund
             ... wielding a +0 scythe
              (8 damage)
             ... on level 2 of the Dungeon.
             The game lasted 00:03:52 (946 turns).

Elsrick the Trooper (Tengu Fighter)                  Turns: 946, Time: 00:03:53

Health: -5/33      AC:  7    Str: 18    XL:     5   Next: 2%
Magic:  6/6        EV: 10    Int:  9    God:
Gold:   67         SH:  5    Dex: 13    Spells: 4/4 levels left

rFire   . . .      SeeInvis .    a - +0 trident
rCold   . . .      Faith    .    c - +0 buckler
rNeg    . . .      Spirit   .    b - +0 scale mail
rPois   .          Reflect  .    (helmet restricted)
rElec   .          Rampage  .    (no cloak)
rCorr   .                        (no gloves)
Will    .....                    (boots unavailable) Stlth
                                 (no amulet)
HPRegen 0.25/turn                (no ring)
MPRegen 0.10/turn                (no ring)

@: flying quickly and evasively, quick
A: beak, talons 3, nimble flight
a: no special abilities


You were on level 2 of the Dungeon.
You visited 1 branch of the dungeon, and saw 2 of its levels.

You collected 67 gold pieces.

Inventory:

Hand Weapons
 a - a +0 trident (weapon)
 i - a +1 spectral club
Armour
 b - a +0 scale mail (worn)
 c - a +0 buckler (worn)
Wands
 j - a wand of charming (10)
Scrolls
 d - a scroll of fog {unknown}
 e - a scroll of magic mapping {unknown}
 f - a scroll of amnesia {unknown}
 g - a scroll of teleportation {unknown}
 h - 2 scrolls of silence {unknown}
Potions
 k - a potion of curing {unknown}
 l - a potion of haste {unknown}


   Skills:
 + Level 4.2 Fighting
 + Level 3.2 Polearms
 + Level 4.0 Armour
 + Level 3.4 Shields


You had 4 spell levels left.
You didn't know any spells.
Your spell library was empty.

Dungeon Overview and Level Annotations

Branches:
Dungeon (2/15)

Altars:

Annotations:
D:2 Sigmund


Innate Abilities, Weirdness & Mutations

You have a beak for a mouth.
You have claws for feet.
Your magical nature lets you fly swiftly and evasively.


Message History

a +0 club; a kobold corpse
There is an open door here.
Things that are here:
a +0 dagger; a goblin corpse
There is an open door here.
You see here an adder corpse.
There is an open door here.
There is an open door here.
You see here a bat corpse.
l - a pink potion
Found a pair of gloves.
Sigmund the Dreaded comes into view.
He is wielding a +0 scythe.
Found 10 gold pieces.
Sigmund casts a spell.
Sigmund flickers and vanishes!
Deactivating autopickup; reactivate with Ctrl-A.
You hear some strange, mumbled words.
Something tries to affect you, but you resist.
You are confused.
You are more confused.
Something hits you! Something hits you.
You bump into the rock wall.
Something hits you but does no damage.
You are too confused!
You hear some strange, mumbled words.
A magic dart appears from out of thin air!
The magic dart hits you.
You barely miss something. Your kick misses something.
Your peck misses something. Something hits you but does no damage.
You feel less confused. Something hits you.
* * * LOW HITPOINT WARNING * * *
You puncture something! Your kick misses something. You miss something.
Something hits you.
* * * LOW HITPOINT WARNING * * *
You barely miss something. Your kick misses something. You peck something.
Something hits you.
* * * LOW HITPOINT WARNING * * *
You miss something. Something hits you!
You die...

..........#### #. #######
####........# #. .......
#........# #. ...$...########
#........## #.
..............####.........# #.
......[....................####.
................................
.......######.{...........#####.
....... #..@....####### #.
....... ######### #. ....... #.
####### #. #. #. #. #. #.


There were no monsters in sight!

Vanquished Creatures
  Jessica (D:2)
  Robin (D:2)
  2 adders (D:2)
  A worm (D:2)
  2 ball pythons
  3 endoplasms
  A giant cockroach (D:2)
  12 goblins
  9 hobgoblins
  4 jackals (D:1)
  7 kobolds
  A quokka (D:1)
  7 bats
  3 frilled lizards
  A rat (D:1)
55 creatures vanquished.

Notes
Turn   | Place    | Note
-------+----------+-------------------------------------------
     0 | D:1      | Elsrick the Tengu Fighter began the quest for the Orb.
     0 | D:1      | Reached XP level 1. HP: 14/14 MP: 2/2
    64 | D:1      | Reached XP level 2. HP: 19/19 MP: 3/3
   218 | D:1      | Reached XP level 3. HP: 23/23 MP: 4/4
   507 | D:2      | Noticed Robin
   521 | D:2      | Noticed Jessica
   532 | D:2      | Killed Robin
   533 | D:2      | Reached XP level 4. HP: 13/28 MP: 5/5
   536 | D:2      | Killed Jessica
   829 | D:2      | Gained mutation: Your magical nature lets you fly swiftly
                  | and evasively. [Tengu growth]
   829 | D:2      | Reached XP level 5. HP: 33/33 MP: 6/6
   918 | D:2      | Noticed Sigmund
   946 | D:2      | Slain by Sigmund

Illustrated notes

Levels and vault maps discovered:
D:1:      dpeg_arrival_shelter, layout_rooms, dk_noncrumbling_3,
          roderic_three_in_a_row
D:2:      minmay_chambers_of_ones, layout_basic, uniq_robin, uniq_jessica,
          uniq_sigmund

Skill      XL: |  1  2  3  4  5 |
---------------+----------------+-----
Fighting       | 4 |  4.2
Polearms       | 3 |  3.2
Armour         | 4 |  4.0
Shields        | |  3.4

Action                     |  1- 3 |  4- 6 || total
---------------------------+-------+-------++-------
  Melee: Trident           |    83 |    35 ||   118
         Kick              |    12 |     7 ||    19
         Peck              |     8 |     2 ||    10
    Use: Potion            |     1 |       ||     1
 Armour: Scale mail        |    42 |     5 ||    47
  Dodge: Dodged            |    31 |     9 ||    40
  Block: Buckler           |    15 |     7 ||    22

Table legend: (Time is in decaauts)
 A = Elapsed time spent in this place.
 B = Non-inter-level travel time spent in this place.
 C = Inter-level travel time spent in this place.
 D = Time resting spent in this place.
 E = Time spent auto-exploring this place.
 F = Levels seen in this place.
 G = Mean time per level.
                   A        B        C        D        E       F      G
               +--------+--------+--------+--------+--------+-----+--------+
         Total |    959 |    928 |     31 |     33 |    549 |   2 |  479.5 |
       Dungeon |    959 |    928 |     31 |     33 |    549 |   2 |  479.5 |
               +--------+--------+--------+--------+--------+-----+--------+

Top non-repeatable levels by time:
     D:2: 503 daAuts
     D:1: 456 daAuts
